 Dungeon Crawl Stone Soup version 0.29-a0-111-gbaf749a769 (webtiles) character file.

Game seed: 4736699535825638456

23 cyrus the Grave Robber (level 2, -2/19 HPs)
             Began as a Vampire Necromancer on Feb 17, 2022.
             Was an Initiate of Yredelemnul.
             Slain by a goblin (6 damage)
             ... led by Robin
             ... on level 2 of the Dungeon.
             The game lasted 00:03:58 (1241 turns).

cyrus the Grave Robber (Vampire Necromancer)        Turns: 1241, Time: 00:03:59

Health: -2/19      AC:  2    Str:  7    XL:     2   Next: 72%
Magic:  5/5        EV: 12    Int: 23    God:    Yredelemnul [......]
Gold:   56         SH:  4    Dex: 14    Spells: 3/5 levels left

rFire   . . .      SeeInvis +   d - +0 whip
rCold   . . .      Faith    .   f - +1 buckler {rPois}
rNeg    . . .      Spirit   .   a - +0 robe
rPois   +          Reflect  .   (no helmet)
rElec   .          Harm     .   (no cloak)
rCorr   .          Rampage  .   (no gloves)
Will    .....                   (no boots)
Stlth   ++........              (no amulet)
HPRegen 0.26/turn               i - +6 ring of intelligence
MPRegen 0.09/turn               (no ring)

@: healing quickly
A: alive, fangs 3, see invisible, vampiric 1
a: Exsanguinate, Renounce Religion, Recall Undead Harvest


You were on level 2 of the Dungeon.
You worshipped Yredelemnul.
Yredelemnul was noncommittal.
You visited 1 branch of the dungeon, and saw 2 of its levels.

You collected 56 gold pieces.

Inventory:

Hand Weapons
 d - a +0 whip (weapon)
Armour
 a - a +0 robe (worn)
 f - a +1 buckler of poison resistance (worn)
Jewellery
 i - a +6 ring of intelligence (left hand)
Scrolls
 b - 2 scrolls of identify {unknown}
 c - a scroll of teleportation {unknown}
 e - a scroll of amnesia {unknown}
 h - a scroll of immolation {unknown}
Potions
 g - a potion of berserk rage {unknown}
 j - a potion of magic {unknown}


   Skills:
 + Level 0.1 Maces & Flails
 + Level 2.5 Dodging
 + Level 3.5 Stealth
 + Level 0.1 Unarmed Combat
 + Level 2.0 Spellcasting
 + Level 4.9 Necromancy


You had 3 spell levels left.
You knew the following spells:

 Your Spells              Type           Power      Damage    Failure   Level
a - Pain                  Necr           96%        1d8       2%          1
b - Animate Skeleton      Necr           48%        N/A       2%          1

Your spell library contained the following spells:

 Spells                   Type           Power      Damage    Failure   Level
 Vampiric Draining        Necr           24%        2d7       7%          3
 Animate Dead             Necr           12%        N/A       24%         4
 Agony                    Necr           24%        N/A       54%         5


Dungeon Overview and Level Annotations

Branches:
Dungeon (2/15)

Altars:
Yredelemnul

Shops:
D:2 [

Annotations:
D:2 Robin


Innate Abilities, Weirdness & Mutations

Your natural rate of healing is accelerated.
You have razor-sharp teeth.
You have supernaturally acute eyesight. (SInv)
You are afflicted with vampirism.


Message History

A goblin comes into view. It is wielding a +0 club.
Unknown command.
Something hits your frilled lizard zombie.
Your frilled lizard zombie is destroyed!
Your ball python zombie barely misses the hobgoblin. x2
Unknown command.
The goblin hits your spectral endoplasm with a +0 club.
You miss the goblin.
Your spectral endoplasm hits the goblin.
Your ball python zombie closely misses the hobgoblin. x2
The goblin barely misses you.
Your spectral endoplasm hits the goblin.
The goblin hits your spectral endoplasm but does no damage.
You closely miss the goblin. The goblin hits you but does no damage.
The ball python bites your ball python zombie.
The ball python grabs your ball python zombie.
The ball python constricts your ball python zombie.
The goblin barely misses you.
The goblin hits your spectral endoplasm with a +0 dagger.
The goblin hits your ball python zombie with a +0 dagger.
Your ball python zombie struggles to escape constriction.
The ball python bites your ball python zombie.
Your ball python zombie is destroyed!
You hit the goblin but do no damage.
The ball python bites your spectral endoplasm.
Your spectral endoplasm is destroyed!
You closely miss the goblin. The goblin hits you with a +0 dagger.
The goblin hits you but does no damage.
You hit the goblin but do no damage. The goblin hits you with a +0 club.
You block the hobgoblin's attack.
Robin roars a battlecry!
The goblins go into a battle-frenzy!
The goblin closely misses you. The goblin hits you with a +0 club.
Unknown command.
You closely miss the goblin. The hobgoblin hits you.
The goblin hits you with a +0 club.
* * * LOW HITPOINT WARNING * * *
The goblin hits you with a +0 dagger.
You die...
Yredelemnul claims you as an undead slave.

#..########..######
#............####
##........#..ZZ#######
####........#####.......#
.........>...Z..........#
#......#.##########....#
#..##..#..## ######
.......ggg##
..####..#@gS# ##.#g#.#
#.#gB.# #.#gg.# #.g...#
#...#.# #..g.#..#
#....##......# .#..#
........#


You could see Robin (invisible), a giant cockroach, 3 hobgoblins, 5 goblins and
a ball python.

Vanquished Creatures
  An endoplasm (D:2)
  A giant cockroach (D:1)
  A goblin (D:1)
  A quokka (D:1)
  3 ball pythons
  A bat (D:1)
  A frilled lizard (D:2)
  A kobold (D:1)
10 creatures vanquished.

Vanquished Creatures (collateral kills)
  3 endoplasms
  A giant cockroach (D:1)
  A hobgoblin (D:1)
  2 quokkas (D:1)
  A ball python (D:1)
  3 frilled lizards
11 creatures vanquished.

Vanquished Creatures (others)
  A ball python zombie (D:2)
  2 frilled lizard zombies (D:2)
  2 spectral endoplasms (D:2)
5 creatures vanquished.

Grand Total: 26 creatures vanquished

Notes
Turn   | Place    | Note
-------+----------+-------------------------------------------
     0 | D:1      | cyrus the Vampire Necromancer began the quest for the Orb.
     0 | D:1      | Reached XP level 1. HP: 13/13 MP: 3/3
    29 | D:1      | Found a faded altar of an unknown god.
    40 | D:1      | Prayed at the altar of an unknown god.
    40 | D:1      | Became a worshipper of Yredelemnul the Dark
    40 | D:1      | Reached * piety under Yredelemnul
   460 | D:1      | Learned a level 1 spell: Animate Skeleton
   500 | D:1      | Reached XP level 2. HP: 19/19 MP: 5/5
   795 | D:1      | Reached ** piety under Yredelemnul
  1212 | D:2      | Found Ocreeher's Antique Armour Boutique.
  1229 | D:2      | Noticed Robin
  1241 | D:2      | Slain by a goblin

Illustrated notes

Levels and vault maps discovered:
D:1:      dpeg_arrival_radiant, layout_loops_ring, serial_forest,
          infiniplex_forest_lined_room_, infiniplex_forest_lined_ring,
          infiniplex_forest_lined_1, infiniplex_forest_straight_4,
          infiniplex_forest_straight_2, infiniplex_forest_end_2,
          infiniplex_forest_straight_2, chequers_ecumenical_altar_simple
D:2:      layout_rooms, serial_shops, nicolae_shop_stone,
          uniq_crazy_yiuf_cottage, uniq_robin

Action                   || total
-------------------------++-------
Melee: Unarmed           ||    23
       Whip              ||    51
       Bite              ||     4
       Punch             ||     1
Invok: Dark Bargain      ||     1
 Stab: Sleeping          ||     4
       Distracted        ||     1
Armor: Robe              ||    12
Dodge: Dodged            ||    51
Block: Buckler           ||    10

Table legend: (Time is in decaauts)
 A = Elapsed time spent in this place.
 B = Non-inter-level travel time spent in this place.
 C = Inter-level travel time spent in this place.
 D = Time resting spent in this place.
 E = Time spent auto-exploring this place.
 F = Levels seen in this place.
 G = Mean time per level.
                   A        B        C        D        E       F      G
               +--------+--------+--------+--------+--------+-----+--------+
         Total |   1246 |   1224 |     22 |    269 |    614 |   2 |  623.0 |
       Dungeon |   1246 |   1224 |     22 |    269 |    614 |   2 |  623.0 |
               +--------+--------+--------+--------+--------+-----+--------+

Top non-repeatable levels by time:
     D:1: 1083 daAuts
     D:2: 163 daAuts
